 Dungeon Crawl Stone Soup version 0.32-a0-876-gcfddb08e57 (webtiles) character file.

Game seed: 15320347319939537275

2 idkwhattoput the Slasher (level 1, -3/23 HPs)
             Began as a Gnoll Cinder Acolyte on Apr 1, 2024.
             Was a High Priest of Ignis.
             Slain by Natasha (6 damage)
             ... on level 2 of the Dungeon.
             The game lasted 00:01:09 (338 turns).

idkwhattoput the Slasher (Gnoll Cinder Acolyte)      Turns: 338, Time: 00:01:13

Health: -3/23      AC:  2    Str: 13    XL:     1   Next: 30%
Magic:  4/4        EV: 10    Int: 13    God:    Ignis [*****.]
Gold:   22         SH:  0    Dex:  7    Spells: 5/5 levels left

rFire   + . .        a - -1 falchion (flame)
rCold   . . .        (no shield)
rNeg    . . .        b - +0 robe
rPois   .            (no helmet)
rElec   .            (no cloak)
rCorr   .            (no gloves)
SInv    .            (no boots)
Will    .....        (no amulet)
Stlth   +            (no ring)
HPRegen 0.23/turn    (no ring)
MPRegen 0.09/turn

%: no passive effects
@: no status effects
A: fangs 1, strong nose, distributed training
a: Renounce Religion, Fiery Armour, Foxfire Swarm, Rising Flame


You were on level 2 of the Dungeon.
You worshipped Ignis.
Ignis was extremely pleased with you.
You visited 1 branch of the dungeon, and saw 2 of its levels.

You collected 22 gold pieces.

Inventory:

Hand Weapons
 a - a -1 falchion of flaming (weapon)
Armour
 b - a +0 robe (worn)


   Skills:
 + Level 6.4 Fighting
 + Level 0.0 Short Blades
 + Level 6.4 Long Blades
 + Level 0.0 Axes
 + Level 0.0 Maces & Flails
 + Level 0.0 Polearms
 + Level 0.0 Staves
 + Level 0.0 Ranged Weapons
 + Level 0.0 Throwing
 + Level 0.0 Armour
 + Level 0.0 Dodging
 + Level 0.0 Stealth
 + Level 0.0 Shields
 + Level 0.0 Unarmed Combat
 + Level 2.6 Spellcasting
 + Level 0.0 Conjurations
 + Level 0.0 Hexes
 + Level 0.0 Summonings
 + Level 0.0 Necromancy
 + Level 0.0 Translocations
 + Level 5.3 Fire Magic
 + Level 0.0 Ice Magic
 + Level 0.0 Air Magic
 + Level 0.0 Earth Magic
 + Level 0.0 Alchemy
 + Level 0.1 Invocations
 + Level 0.0 Evocations
 + Level 0.0 Shapeshifting


You had 5 spell levels left.
You didn't know any spells.
Your spell library contained the following spells:

 Spells                   Type           Power      Damage    Failure   Level
 Scorch                   Fire           30%        2d6       4%          2


Dungeon Overview and Level Annotations

Branches:
Dungeon (2/15)

Altars:
Xom

Annotations:
D:2 Natasha


Innate Abilities, Weirdness & Mutations

You have very sharp teeth.
Your uncanny sense of smell can sniff out nearby items.
Your experience applies equally to all skills.


Message History

You start waiting.
Done waiting.
You start waiting.
Done waiting.
You open the door.
Natasha, Servant of Life and Death comes into view.
Natasha hisses angrily.
You hear an angry hiss.
Found 11 gold pieces.
A frilled lizard comes into view.
There is an open door here.
Natasha claws you.
You see here 11 gold pieces.
Found a shimmering altar of Xom.
Natasha claws you.
Natasha mumbles some strange words.
You see here 11 gold pieces.
You now have 22 gold pieces (gained 11).
Natasha barely misses you.
The cerulean imp hits you from afar with a +1 spear.
The frilled lizard bites you. Natasha barely misses you.
The cerulean imp closely misses you.
You hit the frilled lizard. You burn the frilled lizard.
You kill the frilled lizard!
Natasha claws you.
The cerulean imp hits you from afar with a +1 spear.
Natasha claws you.
* * * LOW HITPOINT WARNING * * *
The cerulean imp hits you but does no damage.
You see here a frilled lizard corpse.
Natasha extends her claws.
Natasha claws you but does no damage.
The cerulean imp hits you but does no damage.
You barely miss Natasha. Natasha closely misses you.
The cerulean imp barely misses you.
You hit the cerulean imp. You burn the cerulean imp.
Your bite misses the cerulean imp.
The cerulean imp is heavily wounded.
Natasha claws you.
You die...
Natasha begins licking her fur clean.
Ignis goes out, and joins you in death.

## .# ... ## #.# .... #.
..# ._..#+# #. ..#
.......## #. ..#
........## #.###.#
.#.....5.## #.....#
.......@h.####...#######
.......†..'.............
..........####...#######
##.......## ##..#
##.....## ##)# ##...##
#.# ##+# #.# ## ### #.#
#.. ..# #.#


You could see Natasha and a cerulean imp (summoned).

Vanquished Creatures
  A goblin (D:2)
  A frilled lizard (D:2)
2 creatures vanquished.

Notes
Turn   | Place    | Note
-------+----------+-------------------------------------------
     0 | D:1      | idkwhattoput the Gnoll Cinder Acolyte began the quest for
                  | the Orb.
     0 | D:1      | Reached XP level 1. HP: 23/23 MP: 4/4
   327 | D:2      | Noticed Natasha
   330 | D:2      | Found a shimmering altar of Xom.
   332 | D:2      | Noticed a cerulean imp
   338 | D:2      | Slain by Natasha

Illustrated notes

Levels and vault maps discovered:
D:1:      ncdulo_watergridlock, layout_loops_corners, kennysheep_boxes
D:2:      layout_loops_corners, basic_altar, uniq_sigmund, uniq_natasha

Action                     || total
---------------------------++-------
  Melee: Falchion          ||    15
 Armour: Robe              ||    18
  Dodge: Dodged            ||     8

Table legend: (Time is in decaauts)
 A = Elapsed time spent in this place.
 B = Non-inter-level travel time spent in this place.
 C = Inter-level travel time spent in this place.
 D = Time resting spent in this place.
 E = Time spent auto-exploring this place.
 F = Levels seen in this place.
 G = Mean time per level.
                   A        B        C        D        E       F      G
               +--------+--------+--------+--------+--------+-----+--------+
         Total |    346 |    346 |      0 |    237 |      0 |   2 |  173.0 |
       Dungeon |    346 |    346 |      0 |    237 |      0 |   2 |  173.0 |
               +--------+--------+--------+--------+--------+-----+--------+

Top non-repeatable levels by time:
     D:2: 288 daAuts
     D:1: 58 daAuts
